 Dungeon Crawl Stone Soup version 0.22-a0-848-ge9e22a0 (webtiles) character file.

35 CanOfBees the Ruffian (level 3, -1/32 (33) HPs)
             Began as a Ghoul Monk on July 26, 2018.
             Was a Believer of Okawaru.
             Slain by a gnoll
             ... wielding a cursed -3 flail
              (6 damage)
             ... on level 2 of the Dungeon.
             The game lasted 00:02:56 (1382 turns).

CanOfBees the Ruffian (Ghoul Monk)                  Turns: 1382, Time: 00:02:57

HP:   -1/32 (33)    AC:  2    Str: 15    XL:     3   Next: 35%
MP:   2/2           EV: 13    Int:  5    God:    Okawaru [**....]
Gold: 59            SH:  0    Dex: 11    Spells: 2/2 levels left

rFire    . . .     SeeInvis .     - Unarmed
rCold    + . .     Gourm    .   (no shield)
rNeg     + + +     Faith    .   a - +0 robe
rPois    ∞         Spirit   .   (no helmet)
rElec    .         Reflect  .   (no cloak)
rCorr    .         Harm     .   (no gloves)
MR       .....                  (no boots)
Stlth    ++........             (no amulet)
HPRegen  0.00/turn              (no ring)
MPRegen  0.08/turn              (no ring)

@: rotting
A: rotting body, claws 1, carnivore, cold resistance 1, negative energy
resistance 3, inhibited regeneration, torment resistance, unbreathing
a: Heroism, Renounce Religion


You were on level 2 of the Dungeon.
You worshipped Okawaru.
Okawaru was pleased with you.
You were not hungry.

You visited 1 branch of the dungeon, and saw 2 of its levels.

You collected 59 gold pieces.

Inventory:

Missiles
 c - 59 stones (quivered)
 d - 5 needles of confusion
 f - 20 sling bullets
 h - 39 poisoned needles
Armour
 a - a +0 robe (worn)
Jewellery
 g - an uncursed ring of flight {unknown}
 p - an uncursed ring of protection from magic {unknown}
Scrolls
 e - a scroll of remove curse {unknown}
 j - a scroll of noise {unknown}
 k - a scroll of magic mapping {unknown}
 m - 2 scrolls of identify {unknown}
 n - a scroll of enchant armour {unknown}
 o - a scroll of random uselessness {unknown}
Potions
 i - a potion of mutation {unknown}
 l - a potion of haste {unknown}
 r - a potion of brilliance {unknown}
Comestibles
 b - a ration
 q - 7 chunks of flesh


   Skills:
 + Level 3.7 Fighting
 - Level 3.0 Dodging
 + Level 2.9 Stealth
 + Level 3.7 Unarmed Combat
 + Level 0.3 Invocations


You had 2 spell levels left.
You didn't know any spells.
Your spell library was empty.

Dungeon Overview and Level Annotations

Branches:
Dungeon (2/15)

Altars:
Okawaru


Innate Abilities, Weirdness & Mutations

Your body is rotting away.
You thrive on raw meat.
You are immune to poison.
You have sharp fingernails.
You are carnivorous and can eat meat at any time.
Your flesh is cold resistant. (rC+)
You are immune to negative energy. (rN+++)
You do not regenerate when monsters are visible.
You are immune to unholy pain and torment.
You can survive without breathing.


Message History

You scratch the gnoll but do no damage.
The gnoll is almost dead.
The gnoll closely misses you.
You closely miss the gnoll.
The gnoll is almost dead.
You scratch the gnoll.
The gnoll is almost dead.
The gnoll hits you with a flail. The gnoll hits you!
You barely miss the gnoll.
The gnoll is almost dead.
The gnoll closely misses you. The gnoll barely misses you.
You barely miss the gnoll.
The gnoll is almost dead.
The gnoll barely misses you. The gnoll hits you!
* * * LOW HITPOINT WARNING * * *
You scratch the gnoll but do no damage.
The gnoll is almost dead.
You feel your flesh rotting away. The gnoll hits you with a flail.
You die...

..# ..###### #...
.....#.## #..#
..##....##### #..#
..##........# #..# .#
.###....###.# #..##.#
.....#.## #.# #..##.#
.#####.# #.# #gg##.#
.#####.####.# #.@##.#
..........#.###..##.#
...........#......#.#
..#######.#.##.###..#
.## #.#....# #..# .#
#.####.###.## .# #.#
##...## .#
#.######.## ##
#........#


You could see 2 gnolls.

Vanquished Creatures
  2 oozes
  A dart slug (D:1)
  7 bats
  A giant cockroach (D:2)
  2 hobgoblins
  3 kobolds
  3 ball pythons
  3 frilled lizards (D:1)
  2 goblins (D:1)
  2 rats
26 creatures vanquished.

Notes
Turn   | Place    | Note
-------+----------+-------------------------------------------
     0 | D:1      | CanOfBees the Ghoul Monk began the quest for the Orb.
     0 | D:1      | Reached XP level 1. HP: 19/19 MP: 0/0
    95 | D:1      | Reached XP level 2. HP: 17/26 MP: 1/1
   844 | D:2      | Reached XP level 3. HP: 7/30 MP: 2/2
  1142 | D:2      | Found an iron altar of Okawaru.
  1148 | D:2      | Became a worshipper of Warmaster Okawaru
  1148 | D:2      | Reached * piety under Okawaru
  1148 | D:2      | Reached ** piety under Okawaru
  1382 | D:2      | Slain by a gnoll

Vault maps used:
D:1:      minmay_arrival_jagged
D:2:      lemuel_round_altar, hangedman_decor_opposing,
          okawaru_ov_weapons_minmay

Skill      XL: |  1  2 |
---------------+-------+-----
Dodging        | 3 |  3.0
Fighting       | |  3.7
Stealth        | |  2.9
Unarmed Combat | |  3.7
Invocations    | |  0.3

Action                   || total
-------------------------++-------
Melee: Unarmed           ||    95
       Punch             ||     1
Throw: Stone             ||    20
 Stab: Sleeping          ||     5
  Eat: Chunk             ||    11
Armor: Robe              ||    32
Dodge: Dodged            ||   102

Table legend:
 A = Spawn XP
 B = Non-spawn XP
 C = Spawn XP percentage of total XP
 D = Spawn monster count
 E = Non-spawn monster count
 F = Spawn count percentage of total count
 G = Total turns spent on level
                    A         B        C        D         E        F      G
               +---------+---------+-------+---------+---------+-------+---------
         Total |       0 |      51 |   0.0 |       0 |      26 |   0.0 |  1382
               +---------+---------+-------+---------+---------+-------+---------
           D:1 |       0 |      33 |   0.0 |       0 |      18 |   0.0 |   824
           D:2 |       0 |      18 |   0.0 |       0 |       8 |   0.0 |   558
               +---------+---------+-------+---------+---------+-------+---------
